Workbook

Sheet INSTRUÇÕES
C3: INSTRUÇÕES
C4: Na planilha Excel são disponibilizadas 9 abas. Nelas podem ser feitas alterações em todas as células que tenham fundo cor amarelo. Por exemplo, na segunda aba "Parâmetros", clicando-se na célula D6, aparece do lado direito uma seta com 5 possibilidades (100, 200, 300, 400 e 500). Da mesma forma, clicando-se na célula D7, também aparece uma seta com outras 5 possibilidades (1, 2, 3, 3 e meia, 4). A célua D8 altera o percentual de Leis Sociais que cada empresa usa para seus orçamentos. Nas demais abas, pode se alterar preços, índices e áreas. Não se esqueça de clicar em HABILITAR EDIÇÃO caso seja necessário.

Sheet PARÂMETROS
C2: CASA FÁCIL
C3: x
B4: CASA CONVENCIONAL
C5: SELECIONE OS PARÂMETROS | I5: Quantidade de Casas | J5: Produção Diária (Casas/ dia)
C6: Quantidade de Casas: | D6: 500 | I6: 100 | J6: 1
C7: Produção Diária (Casas/ dia): | D7: 4 | I7: 200 | J7: 2
C8: Leis Sociais: | D8: 0.8 | I8: 300 | J8: 3
I9: 400 | J9: 3.5
C10: ECONOMIA POR CASA* | I10: 500 | J10: 4
C11: 1ª OBRA | D11: =E22 -> 2857.8105 | F11: =PARÂMETROS!E23 -> 0.501883
C12: 2ª OBRA | D12: =F22 -> 3495.462 | F12: =F23 -> 0.69127745
B13: * Valores relativos à construção das paredes com esquadrias, tubulações de hidráulica e elétrica embutidas.
C14: DETALHAMENTO*
C15: QUADRO COMPARATIVO POR CASA*
C16: Descrição | D16: Casa Convencional | E16: Casa Fácil 1ª Obra | F16: Casa Fácil 2ª Obra
C17: Custos Não Perecíveis | D17: - | E17: =VLOOKUP(D6,CANTEIRO!E25:F30,2,FALSE) -> 637.65142 | F17: -
C18: Custos Perecíveis | D18: - | E18: =VLOOKUP(D6,CANTEIRO!B10:C15,2,FALSE) -> 102.42826 | F18: =E18 -> 102.42826
C19: Insumos | D19: =INSUMOS!M11 -> 3562.3929 | E19: =INSUMOS!F18 -> 2585.3939 | F19: =E19 -> 2585.3939
C20: Mão de Obra e Equipamentos | D20: =VLOOKUP(D7,'MO E EQ'!M28:N33,2,FALSE) -> 4989.5945 | E20: =VLOOKUP(D7,'MO E EQ'!E34:F39,2,FALSE) -> 2368.7032 | F20: =E20 -> 2368.7032
C21: Custo | D21: =SUM(D18:D20) -> 8551.9873 | E21: =SUM(E17:E20) -> 5694.1768 | F21: =SUM(F17:F20) -> 5056.5254
C22: Diferença | D22: - | E22: =D21-E21 -> 2857.8105 | F22: =D21-F21 -> 3495.462
C23: % | D23: - | E23: =E22/E21 -> 0.501883 | F23: =F22/F21 -> 0.69127745
B25: * Observe planilhas para inserção de dados.

Sheet CANTEIRO
B1: CUSTOS DE IMPLANTAÇÃO DO CANTEIRO CASA FÁCIL
B2: PERECÍVEIS (Irrecuperáveis) | E2: NÃO PERECÍVEIS (Reaproveitáveis em outras obras por serem peças metálicas)
B3: Descrição | C3: Custo | E3: Descrição | F3: Custo
B4: Terraplenagem (100 x 45 m) | C4: 4150 | E4: Chaparia 1,5 mm | F4: 194240.54
B5: Pistas de pré-fabricação | C5: 33679.45 | E5: Formas metálicas | F5: 29371.09
B6: Bica Corrida (Forração) | C6: 7785.4 | E6: Prateleiras estoque aço | F6: 9965
B7: Drenagem | C7: 5599.28 | E7: Cavalete de transporte | F7: 14256.33
B8: TOTAL | C8: =SUM(C4:C7) -> 51214.13 | E8: Boquilhas (3) fazer tijolos | F8: 13500
E9: Eventuais (5 %) | F9: 15198.97
B10: Por casa | C10: Custo | E10: Montantes fixadores | F10: 8379.39
B11: 100 | C11: =$C$8/B11 -> 512.1413 | E11: Cangas 60 x | F11: 3969.34
B12: 200 | C12: =$C$8/B12 -> 256.07065 | E12: Escoras metálicas 60 x | F12: 6446.19
B13: 300 | C13: =$C$8/B13 -> 170.71377 | E13: Balancim | F13: 6977.25
B14: 400 | C14: =$C$8/B14 -> 128.03533 | E14: Gabarito de locação | F14: 1882.28
B15: 500 | C15: =$C$8/B15 -> 102.42826 | E15: Réguas metalon (face inferior) | F15: 450
E16: Réguas de alumínio (face superior) | F16: 685.8
E17: Cavaletes desmoldante | F17: 841.08
E18: Cavaletes água | F18: 794.42
E19: Galgas espaçadoras de tijolos | F19: 1009.69
E20: Gabaritos para esquadrias | F20: 9258.95
E21: Formas para corpos de prova | F21: 948
E22: Escadas para montagem | F22: 651.39
E23: TOTAL | F23: =SUM(F4:F22) -> 318825.71
E25: Por casa | F25: Custo
E26: 100 | F26: =$F$23/E26 -> 3188.2571
E27: 200 | F27: =$F$23/E27 -> 1594.1286
E28: 300 | F28: =$F$23/E28 -> 1062.7524
E29: 400 | F29: =$F$23/E29 -> 797.06428
E30: 500 | F30: =$F$23/E30 -> 637.65142

Sheet PREÇOS
B1: PREÇOS UNITÁRIOS
B2: Descrição | C2: Salário Mensal | D2: Custo Hora | E2: ="Custo Hora + Leis Sociais - "&PARÂMETROS!D8*100&"%" -> Custo Hora + Leis Sociais - 80% | G2: Descrição | H2: Quantidade
B3: Oficial | C3: 1742.4 | D3: =C3/PREÇOS!$H$6 -> 9.1034483 | E3: =ROUND(D3*(1+PARÂMETROS!$D$8),2) -> 16.39 | G3: Horas Semanais | H3: 44
B4: Servente | C4: 1122 | D4: =C4/PREÇOS!$H$6 -> 5.862069 | E4: =ROUND(D4*(1+PARÂMETROS!$D$8),2) -> 10.55 | G4: Dias Semana | H4: 5
B5: Dupla (Oficial + Servente) | C5: =SUM(C3:C4) -> 2864.4 | D5: =SUM(D3:D4) -> 14.965517 | E5: =SUM(E3:E4) -> 26.94 | G5: Horas/dia | H5: 8.8
G6: Horas Mensal | H6: 191.4
B7: Materiais | C7: Unidade | D7: Custo Unitário | G7: Semanas/mês | H7: 4.35
B8: Tijolo 8 furos | C8: un | D8: 0.66
B9: Tijolo 6 furos | C9: un | D9: 0.51 | G9: Descrição | H9: Área (m²)
B10: Tijolo 4 furos | C10: un | D10: 0.36 | G10: Casa Convencional com aberturas | H10: 116.61
B11: Tijolo furado 9 x 19 x 29 | C11: un | D11: 0.7 | G11: Casa Convencional sem aberturas | H11: 98.79
B12: Cimento CP II (50 kg) | C12: kg | D12: 0.29 | G12: Casa Fácil com aberturas | H12: 113.97
B13: Cimento CP V (40 kg) | C13: kg | D13: 0.38 | G13: Casa Fácill sem aberturas | H13: 96.15
B14: Brita 0 | C14: m³ | D14: 69
B15: Brita 1 | C15: m³ | D15: 69
B16: Areia Média Lavada | C16: m³ | D16: 40
B17: Areia Fina Lavada | C17: m³ | D17: 40
B18: Aço CA-60/CA-50/CA-25 | C18: kg | D18: 5.99
B19: Treliça H6 | C19: kg | D19: 8.18
B20: Delta-mold | C20: litro | D20: 12.44
B21: Chumbador PBA | C21: Peça | D21: 1.22
B22: Apôios | C22: Peça | D22: 1.46
B23: Eletrodos | C23: kg | D23: 16
B24: Super Cal | C24: Saco 15 kg | D24: 6.5
B25: Expansor | C25: kg | D25: 5.5
... B29: Tábua de lei 30cm | C29: m | D29: 19.54
B31: Equipamentos | C31: Unidade | D31: Custo Unitário
B32: Guindaste 18 ton/metro | C32: Mês | D32: 35000
B33: Caminhão trucado traçado | C33: Mês | D33: 10000
B34: Gerador com conversor de solda | C34: Mês | D34: 833.5
B35: Caminhões | C35: Mês | D35: 4800
B36: Andaimes | C36: Mês | D36: 200

Sheet COMPOSIÇÕES
B1: DETALHE COMPOSIÇÕES MATERIAIS
B2: Casa Fácil | J2: Casa Convencional
B3: Composição | C3: Unidade | D3: Descrição Material | E3: Unidade | F3: Índice | G3: Custo Unitário | H3: Custo Total | J3: Composição | K3: Unidade | L3: Descrição Material | M3: Unidade | N3: Índice | O3: Custo Unitário | P3: Custo Total
B4: Tijolo Casa Fácil | C4: m² | D4: =PREÇOS!B8 -> Tijolo 8 furos | E4: =PREÇOS!C8 -> un | F4: =1187/89.98 -> 13.19182 | G4: =PREÇOS!D8 -> 0.66 | H4: =G4*F4 -> 8.7066015 | J4: Argamassa 1:1:8 | K4: m³ | L4: =PREÇOS!B12 -> Cimento CP II (50 kg) | M4: =PREÇOS!C12 -> kg | N4: 162 | O4: =PREÇOS!D12 -> 0.29 | P4: =O4*N4 -> 46.98
D5: =PREÇOS!B9 -> Tijolo 6 furos | E5: =PREÇOS!C9 -> un | F5: =149/89.98 -> 1.6559235 | G5: =PREÇOS!D9 -> 0.51 | H5: =G5*F5 -> 0.844521 | L5: =PREÇOS!B16 -> Areia Média Lavada | M5: =PREÇOS!C16 -> m³ | N5: 1.216 | O5: =PREÇOS!D16 -> 40 | P5: =O5*N5 -> 48.64
D6: =PREÇOS!B10 -> Tijolo 4 furos | E6: =PREÇOS!C10 -> un | F6: =51/89.98 -> 0.56679262 | G6: =PREÇOS!D10 -> 0.36 | H6: =G6*F6 -> 0.20404534 | L6: =PREÇOS!B24 -> Super Cal | M6: =PREÇOS!C24 -> Saco 15 kg | N6: =81/15 -> 5.4 | O6: =PREÇOS!D24 -> 6.5 | P6: =O6*N6 -> 35.1
B7: TOTAL | H7: =SUM(H4:H6) -> 9.7551678 | J7: TOTAL | P7: =SUM(P4:P6) -> 130.72
B8: Argamassa 202kg/m³ | C8: m³ | D8: =PREÇOS!B12 -> Cimento CP II (50 kg) | E8: =PREÇOS!C12 -> kg | F8: 202 | G8: =PREÇOS!D12 -> 0.29 | H8: =G8*F8 -> 58.58 | J8: Verga e Contra-verga | K8: m | L8: =J12 -> Concreto Fck 20 MPa preparado in loco | M8: =K12 -> m³ | N8: 0.0106 | O8: =P15 -> 174.49 | P8: =O8*N8 -> 1.849594
D9: =PREÇOS!B24 -> Super Cal | E9: =PREÇOS!C24 -> Saco 15 kg | F9: 8.1 | G9: =PREÇOS!D24 -> 6.5 | H9: =G9*F9 -> 52.65 | L9: =PREÇOS!B18 -> Aço CA-60/CA-50/CA-25 | M9: =PREÇOS!C18 -> kg | N9: 1.216 | O9: =PREÇOS!D18 -> 5.99 | P9: =O9*N9 -> 7.28384
D10: =PREÇOS!B17 -> Areia Fina Lavada | E10: =PREÇOS!C17 -> m³ | F10: 1.216 | G10: =PREÇOS!D17 -> 40 | H10: =G10*F10 -> 48.64 | L10: =J16 -> Forma de madeira 1 Utilização | M10: =K16 -> m² | N10: 0.2737 | O10: =P18 -> 50.70522 | P10: =O10*N10 -> 13.878019
B11: TOTAL | H11: =SUM(H8:H10) -> 159.87 | J11: TOTAL | P11: =SUM(P8:P10) -> 23.011453
B12: Concreto | C12: m³ | D12: =PREÇOS!B13 -> Cimento CP V (40 kg) | E12: =PREÇOS!C13 -> kg | F12: 350 | G12: =PREÇOS!D13 -> 0.38 | H12: =G12*F12 -> 133 | J12: Concreto Fck 20 MPa preparado in loco | K12: m³ | L12: =PREÇOS!B12 -> Cimento CP II (50 kg) | M12: =PREÇOS!C12 -> kg | N12: 352 | O12: =PREÇOS!D12 -> 0.29 | P12: =O12*N12 -> 102.08
D13: =PREÇOS!B14 -> Brita 0 | E13: =PREÇOS!C14 -> m³ | F13: 0.7 | G13: =PREÇOS!D14 -> 69 | H13: =G13*F13 -> 48.3 | L13: =PREÇOS!B16 -> Areia Média Lavada | M13: =PREÇOS!C16 -> m³ | N13: 0.62 | O13: =PREÇOS!D16 -> 40 | P13: =O13*N13 -> 24.8
D14: =PREÇOS!B16 -> Areia Média Lavada | E14: =PREÇOS!C16 -> m³ | F14: 0.7 | G14: =PREÇOS!D16 -> 40 | H14: =G14*F14 -> 28 | L14: =PREÇOS!B15 -> Brita 1 | M14: =PREÇOS!C15 -> m³ | N14: 0.69 | O14: =PREÇOS!D15 -> 69 | P14: =O14*N14 -> 47.61
B15: TOTAL | H15: =SUM(H12:H14) -> 209.3 | J15: TOTAL | P15: =SUM(P12:P14) -> 174.49
B16: Argamassa cimento e areia 1:4 com expansor | C16: m³ | D16: =PREÇOS!B12 -> Cimento CP II (50 kg) | E16: =PREÇOS!C18 -> kg | F16: 365 | G16: =PREÇOS!D12 -> 0.29 | H16: =G16*F16 -> 105.85 | J16: Forma de madeira 1 Utilização | K16: m² | L16: =PREÇOS!B27 -> Madeira de Lei | M16: =PREÇOS!C27 -> m³ | N16: 0.038 | O16: =PREÇOS!D27 -> 2600 | P16: =O16*N16 -> 98.8
D17: =PREÇOS!B17 -> Areia Fina Lavada | E17: =PREÇOS!C19 -> kg | F17: 1.216 | G17: =PREÇOS!D17 -> 40 | H17: =G17*F17 -> 48.64 | L17: =PREÇOS!B26 -> Prego | M17: =PREÇOS!C26 -> kg | N17: 0.05 | O17: =PREÇOS!D20 -> 12.44 | P17: =O17*N17 -> 0.622
D18: =PREÇOS!B25 -> Expansor | E18: =PREÇOS!C25 -> kg | F18: =F16*0.01 -> 3.65 | G18: =PREÇOS!D25 -> 5.5 | H18: =G18*F18 -> 20.075 | J18: TOTAL (10 UTILIZAÇÕES) *0,51 | P18: =SUM(P16:P17)*0.51 -> 50.70522
B19: TOTAL | H19: =SUM(H16:H18) -> 174.565 | J19: Cintamento | K19: m | L19: =PREÇOS!B28 -> Bloco Canaleta 9 x 19 x 19 | M19: =PREÇOS!C28 -> un | N19: 5 | O19: =PREÇOS!D28 -> 1.25 | P19: =O19*N19 -> 6.25
L20: =PREÇOS!B18 -> Aço CA-60/CA-50/CA-25 | M20: =PREÇOS!C18 -> kg | N20: 0.55 | O20: =PREÇOS!D18 -> 5.99 | P20: =O20*N20 -> 3.2945
L21: =J12 -> Concreto Fck 20 MPa preparado in loco | M21: =K12 -> m³ | N21: 0.006 | O21: =P15 -> 174.49 | P21: =O21*N21 -> 1.04694
J22: TOTAL | P22: =SUM(P19:P21) -> 10.59144

Sheet INSUMOS
B1: INSUMOS POR CASA
B2: CASA FÁCIL | I2: CONVENCIONAL
B3: Descrição | C3: Unidade | D3: Quantidade | E3: Custo Unitário | F3: Custo Total | G3: Custo por m² | I3: Descrição | J3: Unidade | K3: Quantidade | L3: Custo Unitário | M3: Custo Total | N3: Custo por m²
B4: =COMPOSIÇÕES!B4 -> Tijolo Casa Fácil | C4: =COMPOSIÇÕES!C4:C6 -> m² | D4: 96.15 | E4: =COMPOSIÇÕES!H7 -> 9.7551678 | F4: =E4*D4 -> 937.95939 | G4: =F4/PREÇOS!$H$13 -> 9.7551678 | I4: =PREÇOS!B11 -> Tijolo furado 9 x 19 x 29 | J4: =PREÇOS!C11 -> un | K4: =17*'PAREDES CONVENCIONAL'!D5 -> 1679.43 | L4: =PREÇOS!D11 -> 0.7 | M4: =L4*K4 -> 1175.601 | N4: =M4/PREÇOS!$H$11 -> 11.9
B5: =COMPOSIÇÕES!B8 -> Argamassa 202kg/m³ | C5: =COMPOSIÇÕES!C8 -> m³ | D5: 1.923 | E5: =COMPOSIÇÕES!H11 -> 159.87 | F5: =E5*D5 -> 307.43001 | G5: =F5/PREÇOS!$H$13 -> 3.1974 | I5: =COMPOSIÇÕES!J4 -> Argamassa 1:1:8 | J5: =COMPOSIÇÕES!K4 -> m³ | K5: =0.0104*'PAREDES CONVENCIONAL'!D5 -> 1.027416 | L5: =COMPOSIÇÕES!P7 -> 130.72 | M5: =L5*K5 -> 134.30382 | N5: =M5/PREÇOS!$H$11 -> 1.359488
B6: =COMPOSIÇÕES!B12 -> Concreto | C6: =COMPOSIÇÕES!C12 -> m³ | D6: 2.21145 | E6: =COMPOSIÇÕES!H15 -> 209.3 | F6: =E6*D6 -> 462.85648 | G6: =F6/PREÇOS!$H$13 -> 4.8139 | I6: =COMPOSIÇÕES!B8 -> Argamassa 202kg/m³ | J6: =COMPOSIÇÕES!C8 -> m³ | K6: =0.05*'PAREDES CONVENCIONAL'!D5 -> 4.9395 | L6: =COMPOSIÇÕES!H11 -> 159.87 | M6: =L6*K6 -> 789.67787 | N6: =M6/PREÇOS!$H$11 -> 7.9935
B7: =PREÇOS!B18 -> Aço CA-60/CA-50/CA-25 | C7: =PREÇOS!C18 -> kg | D7: 98.1 | E7: =PREÇOS!D18 -> 5.99 | F7: =E7*D7 -> 587.619 | G7: =F7/PREÇOS!$H$13 -> 6.1114821 | I7: Verga e Contra-verga | J7: m | K7: 22.8 | L7: =COMPOSIÇÕES!P11 -> 23.011453 | M7: =L7*K7 -> 524.66112 | N7: =M7/PREÇOS!$H$11 -> 5.3108728
B8: =PREÇOS!B19 -> Treliça H6 | C8: =PREÇOS!C19 -> kg | D8: 16.8 | E8: =PREÇOS!D19 -> 8.18 | F8: =E8*D8 -> 137.424 | G8: =F8/PREÇOS!$H$13 -> 1.4292668 | I8: Cintamento | J8: m | K8: 42.86 | L8: =COMPOSIÇÕES!P22 -> 10.59144 | M8: =L8*K8 -> 453.94912 | N8: =M8/PREÇOS!$H$11 -> 4.5950918
B9: =PREÇOS!B20 -> Delta-mold | C9: =PREÇOS!C20 -> litro | D9: =0.012*D4 -> 1.1538 | E9: =PREÇOS!D20 -> 12.44 | F9: =E9*D9 -> 14.353272 | G9: =F9/PREÇOS!$H$13 -> 0.14928 | I9: =PREÇOS!B29 -> Tábua de lei 30cm | J9: =PREÇOS!C29 -> m | K9: 20 | L9: =PREÇOS!D29 -> 19.54 | M9: =L9*K9/20 -> 19.54 | N9: =M9/PREÇOS!$H$11 -> 0.1977933
B10: =PREÇOS!B21 -> Chumbador PBA | C10: =PREÇOS!C21 -> Peça | D10: 13 | E10: =PREÇOS!D21 -> 1.22 | F10: =E10*D10 -> 15.86 | G10: =F10/PREÇOS!$H$13 -> 0.1649506 | I10: TOTAL | M10: =SUM(M4:M9) -> 3097.7329 | N10: =M10/PREÇOS!$H$11 -> 31.356746
B11: =PREÇOS!B22 -> Apôios | C11: =PREÇOS!C22 -> Peça | D11: 20 | E11: =PREÇOS!D22 -> 1.46 | F11: =E11*D11 -> 29.2 | G11: =F11/PREÇOS!$H$13 -> 0.30369215 | I11: TOTAL + PERDAS 15% | M11: =M10*1.15 -> 3562.3929 | N11: =M11/PREÇOS!$H$11 -> 36.060258
B12: =PREÇOS!B23 -> Eletrodos | C12: =PREÇOS!C23 -> kg | D12: 0.3 | E12: =PREÇOS!D23 -> 16 | F12: =E12*D12 -> 4.8 | G12: =F12/PREÇOS!$H$13 -> 0.049921997
B13: TOTAL PAREDES | F13: =SUM(F4:F12) -> 2497.5022 | G13: =F13/PREÇOS!$H$13 -> 25.975061 | I13: 1- Os quantitativos utilizados para a comparação foram os da casa do Residencial Nova Três Corações, em Três Corações-MG, obra do Minha Casa Minha Vida, com área de 41,01 m2. 2- Os revestimentos considerados foram de 10 mm em cada face para o Casa Fácil e 25 mm em cada face para o Convencional. 3- As áreas para os cálculos foram: Convencional com aberturas 116,61 m2 Convencional sem aberturas 98,79 m2 Casa Fácil com aberturas 113,97 m2 Casa Fácil sem aberturas 96,15 m2 4- A diferença de áreas vista acima refere-se ao fato das paredes do convencional terem espessura de 14 cm, enquanto no Casa Fácil esta espessura ser de 11 cm. Além disto, as paredes do processo são fabricadas 6 cm mais curtas que as dimensões de projeto, espaços a serem preenchidos após a montagem conforme se nota no segundo ítem de insumos do Casa Fácil. 5- As áreas de telhado e radier são diminuidas de 2,4% 6- A área construída diminui e a área útil aumenta.
B14: TOTAL PAREDES + PERDAS 2% | F14: =F13*1.02 -> 2547.4522 | G14: =F14/PREÇOS!$H$13 -> 26.494563
B15: ARREMATES LOCAIS
B16: =COMPOSIÇÕES!B16 -> Argamassa cimento e areia 1:4 com expansor | C16: =COMPOSIÇÕES!C16:C18 -> m³ | D16: 0.189 | E16: =COMPOSIÇÕES!H19 -> 174.565 | F16: =E16*D16 -> 32.992785 | G16: =F16/PREÇOS!$H$13 -> 0.34313869
B17: TOTAL ARREMATE + PERDAS 15% | F17: =F16*1.15 -> 37.941703 | G17: =F17/PREÇOS!$H$13 -> 0.39460949
B18: TOTAL | F18: =F17+F14 -> 2585.3939 | G18: =F18/PREÇOS!$H$13 -> 26.889172
B20: DIFERENÇA POR CASA | N20: =M11-F18 -> 976.99897

Sheet MO E EQ
B1: MÃO DE OBRA E EQUIPAMENTOS
B2: CASA FÁCIL | H2: CASA CONVENCIONAL
B3: Descrição | C3: Índice MO (h) | D3: Quantidade | E3: Custo MO | F3: Custo Total | H3: Descrição Atividade | I3: Função | J3: Unidade | K3: Índice MO (h) | L3: Quantidade | M3: Custo MO | N3: Custo Total
B4: Equipe de fabricação | H4: Alvenaria (Não descontar as aberturas menores que 2,0 m2) | I4: Pedreiro | J4: m² | K4: 0.38 | L4: =PREÇOS!$H$10 -> 116.61 | M4: =PREÇOS!$D$3*(1+PARÂMETROS!$D$8) -> 16.386207 | N4: =M4*L4*K4 -> 726.10232
B5: Encarregado | C5: =PREÇOS!$H$5 -> 8.8 | D5: 1 | E5: 24.58 | F5: =E5*D5*C5 -> 216.304 | I5: Servente | J5: m² | K5: 0.38 | L5: =PREÇOS!$H$10 -> 116.61 | M5: =PREÇOS!$D$4*(1+PARÂMETROS!$D$8) -> 10.551724 | N5: =M5*L5*K5 -> 467.56589
B6: Bombeiro | C6: =PREÇOS!$H$5 -> 8.8 | D6: 1 | E6: =PREÇOS!$E$3 -> 16.39 | F6: =E6*D6*C6 -> 144.232 | H6: Chapisco (Duas vezes a alvenaria) | I6: Pedreiro | J6: m² | K6: 0.06 | L6: =L4*2 -> 233.22 | M6: =PREÇOS!$D$3*(1+PARÂMETROS!$D$8) -> 16.386207 | N6: =M6*L6*K6 -> 229.29547
B7: Armador | C7: =PREÇOS!$H$5 -> 8.8 | D7: 1 | E7: 16.39 | F7: =E7*D7*C7 -> 144.232 | I7: Servente | J7: m² | K7: 0.06 | L7: =L5*2 -> 233.22 | M7: =PREÇOS!$D$4*(1+PARÂMETROS!$D$8) -> 10.551724 | N7: =M7*L7*K7 -> 147.65239
B8: Pedreiro | C8: =PREÇOS!$H$5 -> 8.8 | D8: 18 | E8: 16.39 | F8: =E8*D8*C8 -> 2596.176 | H8: Emboço Paulista (Duas vezes a alvenaria) | I8: Pedreiro | J8: m² | K8: 0.32 | L8: =L4*2 -> 233.22 | M8: =PREÇOS!$D$3*(1+PARÂMETROS!$D$8) -> 16.386207 | N8: =M8*L8*K8 -> 1222.9092
B9: Servente (Pista ) | C9: =PREÇOS!$H$5 -> 8.8 | D9: 16 | E9: =PREÇOS!$E$4 -> 10.55 | F9: =E9*D9*C9 -> 1485.44 | I9: Servente | J9: m² | K9: 0.32 | L9: =L5*2 -> 233.22 | M9: =PREÇOS!$D$4*(1+PARÂMETROS!$D$8) -> 10.551724 | N9: =M9*L9*K9 -> 787.47939
B10: Servente (Argamassa e Concreto) | C10: =PREÇOS!$H$5 -> 8.8 | D10: 4 | E10: =PREÇOS!$E$4 -> 10.55 | F10: =E10*D10*C10 -> 371.36 | H10: Vergas e contra-vergas | I10: Servente | J10: m | K10: 1.7 | L10: 22.8 | M10: =PREÇOS!$D$4*(1+PARÂMETROS!$D$8) -> 10.551724 | N10: =M10*L10*K10 -> 408.98483
B11: Servente (Chaparia) | C11: =PREÇOS!$H$5 -> 8.8 | D11: 2 | E11: =PREÇOS!$E$4 -> 10.55 | F11: =E11*D11*C11 -> 185.68 | H11: Instalações elétricas (parte embutida nas paredes) | I11: Eletricista | J11: un | K11: 0.35 | L11: 1 | M11: 700 | N11: =M11*L11*K11 -> 245
B12: Serventes (Kits) | C12: =PREÇOS!$H$5 -> 8.8 | D12: 2 | E12: =PREÇOS!$E$4 -> 10.55 | F12: =E12*D12*C12 -> 185.68 | H12: Instalações hidro-sanitárias (parte embutida nas paredes) | I12: Encanador | J12: un | K12: 0.35 | L12: 1 | M12: 600 | N12: =M12*L12*K12 -> 210
B13: Serventes ( Betoneiras ) | C13: =PREÇOS!$H$5 -> 8.8 | D13: 6 | E13: =PREÇOS!$E$4 -> 10.55 | F13: =E13*D13*C13 -> 557.04 | H13: Assentamento de esquadrias | I13: Pedreiro | J13: h | K13: 2 | L13: 10 | M13: =PREÇOS!$D$3*(1+PARÂMETROS!$D$8) -> 16.386207 | N13: =M13*L13*K13 -> 327.72414
B14: Serventes (Corte de Tijolos) | C14: =PREÇOS!$H$5 -> 8.8 | D14: 1 | E14: =PREÇOS!$E$4 -> 10.55 | F14: =E14*D14*C14 -> 92.84 | H14: Assentamento de esquadrias | I14: Servente | J14: h | K14: 1 | L14: 10 | M14: =PREÇOS!$D$4*(1+PARÂMETROS!$D$8) -> 10.551724 | N14: =M14*L14*K14 -> 105.51724
B15: Serventes (Limpeza) | C15: =PREÇOS!$H$5 -> 8.8 | D15: 2 | E15: =PREÇOS!$E$4 -> 10.55 | F15: =E15*D15*C15 -> 185.68 | H15: Custo Total Mão de Obra por casa | N15: =SUM(N4:N14) -> 4878.2308
B16: TOTAL | F16: =SUM(F5:F15) -> 6164.664 | H16: EQUIPAMENTOS CASA CONVENCIONAL
B17: Equipe de montagem | H17: Descrição | K17: Unidade | L17: Quantidade | M17: Custo Unitário
B18: Soldador | C18: =PREÇOS!$H$5 -> 8.8 | D18: 2 | E18: =PREÇOS!$E$3 -> 16.39 | F18: =E18*D18*C18 -> 288.464 | H18: Caminhão | K18: Mês | L18: 2 | M18: =PREÇOS!D35 -> 4800 | N18: =M18*L18 -> 9600
B19: Servente ( Caminhão ) | C19: =PREÇOS!$H$5 -> 8.8 | D19: 2 | E19: 10.55 | F19: =E19*D19*C19 -> 185.68 | H19: Andaime | K19: Mês | L19: 1 | M19: =PREÇOS!D36 -> 200 | N19: =M19*L19 -> 200
B20: Servente ( Montagem ) | C20: =PREÇOS!$H$5 -> 8.8 | D20: 4 | E20: =PREÇOS!$E$4 -> 10.55 | F20: =E20*D20*C20 -> 371.36 | H20: TOTAL | N20: =SUM(N18:N19) -> 9800
B21: TOTAL | F21: =SUM(F18:F20) -> 845.504 | H21: Custo Equipamentos por dia (22 dias) | N21: =N20/22 -> 445.45455
B22: Equipe de acabamento (Um dia e meio) | H22: Custo Total Caminhão por casa | M22: Produção Diária (Casas/dia) | N22: Custo
B23: Pedreiro | C23: 8.8 | D23: 2 | E23: =PREÇOS!$E$3 -> 16.39 | F23: =E23*D23*C23 -> 288.464 | M23: 1 | N23: =$N$21/M23 -> 445.45455
B24: Serventes | C24: 8.8 | D24: 1 | E24: =PREÇOS!$E$4 -> 10.55 | F24: =E24*D24*C24 -> 92.84 | M24: 2 | N24: =$N$21/M24 -> 222.72727
B25: TOTAL | F25: =SUM(F22:F24) -> 381.304 | M25: 3 | N25: =$N$21/M25 -> 148.48485
B26: EQUIPAMENTOS CASA FÁCIL | M26: 3.5 | N26: =$N$21/M26 -> 127.27273
B27: Descrição | C27: Unidade | D27: Quantidade | E27: Custo Unitário | M27: 4 | N27: =$N$21/M27 -> 111.36364
B28: Guindaste 18 ton/metro | C28: Mês | D28: 1 | E28: =PREÇOS!D32 -> 35000 | F28: =E28*D28 -> 35000 | H28: Custo Total por casa | M28: Produção Diária (Casas/dia) | N28: Custo
B29: Caminhão trucado traçado | C29: Mês | D29: 1 | E29: =PREÇOS!D33 -> 10000 | F29: =E29*D29 -> 10000 | M29: 1 | N29: =N15+N23 -> 5323.6854
B30: Gerador com conversor de solda | C30: Mês | D30: 1 | E30: =PREÇOS!D34 -> 833.5 | F30: =E30*D30 -> 833.5 | M30: 2 | N30: =N15+N24 -> 5100.9581
B31: TOTAL | F31: =SUM(F28:F30) -> 45833.5 | M31: 3 | N31: =N15+N25 -> 5026.7157
B32: Custo Equipamentos por dia (22 dias) | F32: =F31/22 -> 2083.3409 | M32: 3.5 | N32: =N15+N26 -> 5005.5036
B33: CUSTO TOTAL POR DIA | F33: =F32+F25+F21+F16 -> 9474.8129 | M33: 4 | N33: =N15+N27 -> 4989.5945
D34: Custo Fixo | E34: Produção Diária (Casas/dia) | F34: Custo | H34: Custo Total por dia | M34: Produção Diária (Casas/dia) | N34: Custo
D35: =$F$33 -> 9474.8129 | E35: 1 | F35: =$F$33/E35 -> 9474.8129 | M35: 1 | N35: =N29*M29 -> 5323.6854
D36: =$F$33 -> 9474.8129 | E36: 2 | F36: =$F$33/E36 -> 4737.4065 | M36: 2 | N36: =N30*M30 -> 10201.916
D37: =$F$33 -> 9474.8129 | E37: 3 | F37: =$F$33/E37 -> 3158.271 | M37: 3 | N37: =N31*M31 -> 15080.147
D38: =$F$33 -> 9474.8129 | E38: 3.5 | F38: =$F$33/E38 -> 2707.0894 | M38: 3.5 | N38: =N32*M32 -> 17519.262
D39: =$F$33 -> 9474.8129 | E39: 4 | F39: =$F$33/E39 -> 2368.7032 | M39: 4 | N39: =N33*M33 -> 19958.378

Sheet PAREDES CONVENCIONAL
C1: ÁREA PAREDES CASA CONVENCIONAL
C3: Áreas sem abertura | F3: Áreas com abertura | T3: Esquadrias
C4: Descrição | D4: Área (m²) | F4: Descrição | G4: Área (m²) | T4: Altura (m) | U4: Largura (m) | V4: Qtde | W4: Área (m²)
C5: Alvenaria | D5: 98.79 | F5: Alvenaria | G5: 116.61 | Q5: Parede | R5: =N9*Q12 -> 7.8128 | T5: 1.6 | U5: 1.2 | V5: 1 | W5: =V5*T5*U5 -> 1.92
C6: Chapisco | D6: =D5*2 -> 197.58 | F6: Chapisco | G6: =G5*2 -> 233.22 | T6: 1.2 | U6: 1.2 | V6: 2 | W6: =V6*T6*U6 -> 2.88
C7: Emboço | D7: =D5*2 -> 197.58 | F7: Emboço | G7: =G5*2 -> 233.22 | T7: 0.6 | U7: 1.5 | V7: 1 | W7: =V7*T7*U7 -> 0.9
T8: 0.6 | U8: 0.6 | V8: 1 | W8: =V8*T8*U8 -> 0.36
N9: 2.57 | T9: 0.8 | U9: 2.1 | V9: 7 | W9: =V9*T9*U9 -> 11.76
T10: TOTAL | W10: =SUM(W5:W11) -> 17.82
Q12: 3.04
D14: Parede | E14: =C18*E22 -> 14.906
D15: Parede (2x) | E15: =E14*2 -> 29.812
C18: 2.57 | V18: 1.05
Q21: 2.57 | V21: Oitão | W21: =(V18*S25)/2 -> 3.654
E22: 5.8 | V22: Parede | W22: =S25*Q21 -> 17.8872
V23: Total | W23: =SUM(W21:W22) -> 21.5412
V24: Total (2x) | W24: =W23*2 -> 43.0824
S25: 6.96
C26: 2.47
R28: 2.47 | U28: Parede | V28: =R28*S32 -> 3.7297
E29: 3.5
D31: Parede | E31: =E29*C26 -> 8.645
D32: Parede (2x) | E32: =E31*2 -> 17.29 | S32: 1.51

Sheet PAREDES CASA FÁCIL
C1: ÁREA PAREDES CASA FÁCIL
C3: Áreas sem abertura | F3: Áreas com abertura | T3: Esquadrias
C4: Descrição | D4: Área (m²) | F4: Descrição | G4: Área (m²) | T4: Altura (m) | U4: Largura (m) | V4: Qtde | W4: Área (m²)
C5: Alvenaria | D5: 96.15 | F5: Alvenaria | G5: 113.97 | K5: Parede | L5: =G9*J12 -> 14.6233 | Q5: Parede | R5: =O9*Q12 -> 7.6586 | T5: 1.6 | U5: 1.2 | V5: 1 | W5: =V5*T5*U5 -> 1.92
C6: Chapisco | D6: =D5*2 -> 192.3 | F6: Chapisco | G6: =G5*2 -> 227.94 | T6: 1.2 | U6: 1.2 | V6: 2 | W6: =V6*T6*U6 -> 2.88
C7: Emboço | D7: =D5*2 -> 192.3 | F7: Emboço | G7: =G5*2 -> 227.94 | T7: 0.6 | U7: 1.5 | V7: 1 | W7: =V7*T7*U7 -> 0.9
T8: 0.6 | U8: 0.6 | V8: 1 | W8: =V8*T8*U8 -> 0.36
G9: 2.57 | O9: 2.57 | T9: 0.8 | U9: 2.1 | V9: 7 | W9: =V9*T9*U9 -> 11.76
T10: TOTAL | W10: =SUM(W5:W9) -> 17.82
J12: 5.69 | Q12: 2.98
D14: Parede | E14: =C18*E22 -> 15.163
D15: Parede (3x) | E15: =E14*3 -> 45.489
C18: 2.57 | V18: 1.05
Q21: 2.57 | V21: Oitão | W21: =(V18*S25)/2 -> 3.45975
E22: 5.9 | V22: Parede | W22: =S25*Q21 -> 16.9363
V23: Total | W23: =SUM(W21:W22) -> 20.39605
V24: Total (2x) | W24: =W23*2 -> 40.7921
S25: 6.59
C26: 2.47
R28: 2.47 | U28: Parede | V28: =R28*S32 -> 3.5815
E29: 3.44
D31: Parede | E31: =E29*C26 -> 8.4968
D32: Parede (2x) | E32: =E31*2 -> 16.9936 | S32: 1.45
